 Dungeon Crawl Stone Soup version 0.18-a0-971-g0af6217 (webtiles) character file.

40 M4edhros the Charlatan (level 3, -3/23 HPs)
             Began as an Octopode Artificer on Jan 2, 2016.
             Slain by Natasha (5 damage)
             ... on level 2 of the Dungeon.
             The game lasted 00:01:11 (1197 turns).

M4edhros the Charlatan (Octopode Artificer)         Turns: 1197, Time: 00:01:12

Health: -3/23      AC:  2    Str: 10    XL:     3   Next: 50%
Magic:  5/5        EV: 13    Int: 15    God:
Gold:   53         SH:  0    Dex: 12    Spells: 0 memorised, 2 levels left

rFire  . . .     SeeInvis .     a - +0 short sword
rCold  . . .     Gourm    .     (no shield)
rNeg   . . .     Faith    .     (helmet restricted)
rPois  .         Spirit   .     (no amulet)
rElec  .         Dismiss  .     i - +1 ring of protection (curse)
rCorr  .         Reflect  .     (no ring)
SustAt .         Harm     .     (no ring)
MR     .....                    (no ring)
Stlth  +++.......               (no ring)
                                (no ring)
                                (no ring)
                                (no ring)

@: slowed, very slow, not resistant to hostile enchantments, fairly stealthy
A: almost no armour, amphibious, 8 rings, constrict 8, camouflage 1, gelatinous
body 1
a: no special abilities


You were on level 2 of the Dungeon.
You were not hungry.

You visited 1 branch of the dungeon, and saw 2 of its levels.

You collected 53 gold pieces.

Inventory:

Hand Weapons
 a - a +0 short sword (weapon)
Missiles
 j - 63 stones (quivered)
 q - 10 sling bullets
Jewellery
 i - a cursed +1 ring of protection (left tentacle)
Wands
 b - a wand of flame (14/48)
 c - a wand of enslavement (15/24)
 d - a wand of random effects (15/48)
 r - a wand of magic darts (33/48)
Scrolls
 e - 2 scrolls of blinking {unknown}
 l - a scroll of identify {unknown}
 m - a scroll of enchant weapon {unknown}
 p - a scroll of amnesia {unknown}
Potions
 h - 2 potions of curing {unknown}
 k - a potion of haste {unknown}
Comestibles
 f - a bread ration
 g - 2 meat rations
 n - a beef jerky
 o - 2 chunks of flesh


   Skills:
 - Level 1.0 Fighting
 - Level 1.0 Short Blades
 * Level 3.0 Dodging
 * Level 2.9 Stealth
 + Level 3.5 Evocations


You had 2 spell levels left.
You didn't know any spells.

Dungeon Overview and Level Annotations

Branches:
Dungeon (2/15)

Altars:

Annotations:
D:2 Natasha


Innate Abilities, Weirdness & Mutations

You cannot wear most types of armour.
You are amphibious.
You can wear up to eight rings at the same time.
You can use your tentacles to constrict eight enemies at once.
Your skin changes colour to match your surroundings (Stealth).
Your rubbery body absorbs attacks (AC +1).


Message History

You hit the hobgoblin.
You kill the hobgoblin!
No target in view!
p - a scroll labeled EMEORR RAKHUXT You see here a giant newt corpse.
Natasha, Servant of Life and Death comes into view.
You see here 10 sling bullets.
q - 10 sling bullets Natasha hisses angrily.
Natasha casts a spell at you.
You feel yourself slow down. Natasha claws you.
You see here a sharpened silver wand.
r - a wand of magic darts Natasha claws you.
You hit Natasha but do no damage. Your grab misses Natasha.
Your squeeze misses Natasha. Natasha claws you!
* * * LOW HITPOINT WARNING * * *
Natasha claws you.
You die...

############
#..........
####........#
#...........@##
#)###........h####
#.#....†..........#
##..>...†.....####...
##..##.........# #
###...#..........#
..#........>.....#
....#............#
..##.†##.###.......


You could see Natasha.

Vanquished Creatures
  An adder (D:2)
  A ball python (D:1)
  2 giant cockroaches (D:1)
  5 goblins
  6 hobgoblins
  A quokka (D:2)
  5 bats
  3 giant newts
  4 kobolds
  2 rats (D:1)
30 creatures vanquished.

Notes
Turn   | Place    | Note
--------------------------------------------------------------
     0 | D:1      | M4edhros the Octopode Artificer began the quest for the Orb.
     0 | D:1      | Reached XP level 1. HP: 13/13 MP: 3/3
   247 | D:1      | Reached XP level 2. HP: 18/18 MP: 4/4
  1110 | D:1      | Reached XP level 3. HP: 23/23 MP: 5/5
  1192 | D:2      | Noticed Natasha
  1197 | D:2      | Slain by Natasha

Vault maps used:
D:1:      dpeg_arrival_circle_labyrinth_a
D:2:      lemuel_doored_altar, lemuel_crystal_altar, old_standard_altar,
          uniq_natasha, uniq_sigmund

Action                   || total
-------------------------++-------
Melee: Short sword       ||    60
Evoke: Wand              ||     1
 Stab: Sleeping          ||     8
  Eat: Chunk             ||     1
